 Dungeon Crawl Stone Soup version 0.27-a0-1193-g8631133539 (webtiles) character file.

Game seed: 4909526128978474358

27 pkoi the Bolt Thrower (level 2, 0/25 HPs)
             Began as a Minotaur Hunter on May 26, 2021.
             Frozen to death by an endoplasm (1 damage)
             ... on level 2 of the Dungeon.
             The game lasted 00:00:42 (823 turns).

pkoi the Bolt Thrower (Minotaur Hunter)              Turns: 823, Time: 00:00:43

Health: 0/25       AC:  3    Str: 16    XL:     2   Next: 93%
Magic:  1/1        EV: 11    Int:  8    God:
Gold:   85         SH:  0    Dex: 10    Spells: 1/1 levels left

rFire    . . .     SeeInvis .   b - +0 short sword
rCold    . . .     Faith    .   (no shield)
rNeg     + . .     Spirit   .   c - +0 leather armour
rPois    .         Reflect  .   (helmet restricted)
rElec    .         Harm     .   (no cloak)
rCorr    .         Rampage  .   (no gloves)
Will     .....                  (no boots)
Stlth    +.........             (no amulet)
HPRegen  0.08/turn              f - ring of positive energy
MPRegen  0.07/turn              (no ring)

@: no status effects
A: horns 2, retaliatory headbutt
a: no special abilities


You were on level 2 of the Dungeon.
You visited 1 branch of the dungeon, and saw 2 of its levels.

You collected 85 gold pieces.

Inventory:

Hand Weapons
 a - a +1 hand crossbow
 b - a +0 short sword (weapon)
Missiles
 d - 20 bolts
Armour
 c - a +0 leather armour (worn)
Jewellery
 e - a ring of ice
 f - a ring of positive energy (left hand)


   Skills:
 - Level 2.4 Fighting
 + Level 5.4 Crossbows
 - Level 2.1 Dodging
 - Level 0.7 Stealth


You had one spell level left.
You didn't know any spells.
Your spell library contained the following spells:

 Spells                   Type           Power      Damage    Failure   Level
 Corona                   Hex            0%         N/A       47%         1
 Ensorcelled Hibernation  Hex/Ice        0%         N/A       63%         2
 Confusing Touch          Hex            0%         N/A       85%         3
 Dazzling Flash           Conj/Hex       0%         N/A       85%         3
 Tukima's Dance           Hex            0%         N/A       85%         3


Dungeon Overview and Level Annotations

Branches:
Dungeon (2/15)

Altars:


Innate Abilities, Weirdness & Mutations

You have a pair of horns on your head.
You reflexively headbutt those who attack you in melee.


Message History

You are too injured to fight recklessly!
You are too injured to fight recklessly!
You are too injured to fight recklessly!
You are too injured to fight recklessly!
You are too injured to fight recklessly!
You are too injured to fight recklessly!
You are too injured to fight recklessly!
Unknown command.
You escape the ball python's grasp.
The endoplasm jiggles.
The adder bites you.
You are poisoned.
The adder poisons you!
You feel sick.
You feel sick.
You aren't carrying any potions.
As you read the scroll labelled ILEURU ZICRAGG, it crumbles to dust.
The scroll dissolves into smoke.
It was a scroll of fog.
You feel sick. The goblin completely misses you.
You hit the goblin.
You kill the goblin!
You feel sick. The adder barely misses you. You furiously retaliate!
You headbutt the adder! You barely miss the adder.
The adder is almost dead.
You feel sick. The adder barely misses you. You furiously retaliate!
You headbutt the adder!
You kill the adder!
You closely miss the ball python. You headbutt the ball python.
You kill the ball python!
You feel sick.
You are no longer poisoned.
The endoplasm hits you.
* * * LOW HITPOINT WARNING * * *
Things that are here:
a +0 club; a ball python corpse You barely miss the endoplasm.
The endoplasm freezes you.
You are frozen.
You die...

#.####.## #.#<...#
#.###### #.# #.# #.#
######### #######.######
#........
..).)......§§###........
#######....§§§@J........
.........#§###........
#######..#§# #........
#.##.# .........
#.##.#...#######
...#.#...# .####.#...# .
..#...# #####.#


You could see an endoplasm.

Vanquished Creatures
  An adder (D:2)
  An adder skeleton (D:2)
  An endoplasm (D:1)
  3 goblins
  A hobgoblin (D:1)
  A quokka (D:1)
  A ball python (D:2)
  4 bats (D:1)
  2 frilled lizards (D:1)
  A kobold (D:1)
16 creatures vanquished.

Notes
Turn   | Place    | Note
-------+----------+-------------------------------------------
     0 | D:1      | pkoi the Minotaur Hunter began the quest for the Orb.
     0 | D:1      | Reached XP level 1. HP: 18/18 MP: 0/0
   321 | D:1      | Reached XP level 2. HP: 25/25 MP: 1/1
   356 | D:1      | Reached skill level 5 in Crossbows
   369 | D:1      | Found a faded altar of an unknown god.
   822 | D:2      | HP: 1/25 [endoplasm (2)]
   823 | D:2      | Frozen to death by an endoplasm

Illustrated notes

Levels and vault maps discovered:
D:1:      dpeg_arrival_arbitrary_c, layout_loops_ring,
          shapermc_ecumenical_altar_mp_ritualfount
D:2:      layout_basic

Skill      XL: |  1  2 |
---------------+-------+-----
Crossbows      | 5 |  5.4
Fighting       | |  2.4
Dodging        | |  2.1
Stealth        | |  0.7

Action                   || total
-------------------------++-------
Melee: Short sword       ||    55
       Headbutt          ||     3
  Use: Scroll            ||     1
Armor: Leather armour    ||    27
Dodge: Dodged            ||    46

Table legend: (Time is in decaauts)
 A = Elapsed time spent in this place.
 B = Non-inter-level travel time spent in this place.
 C = Inter-level travel time spent in this place.
 D = Time resting spent in this place.
 E = Time spent auto-exploring this place.
 F = Levels seen in this place.
 G = Mean time per level.
                   A        B        C        D        E       F      G
               +--------+--------+--------+--------+--------+-----+--------+
         Total |    827 |    807 |     20 |      0 |    695 |   2 |  413.5 |
       Dungeon |    827 |    807 |     20 |      0 |    695 |   2 |  413.5 |
               +--------+--------+--------+--------+--------+-----+--------+

Top non-repeatable levels by time:
     D:1: 704 daAuts
     D:2: 122 daAuts
